Get step-by-step instructions on how to execute this build order below. Start the game timer, and the build order will tick by so you can play in parallel with StarCraft on a second screen or mobile device.

Game Time

  0:00

Last Step

  N/A

Next Step

Upcoming Step



Don't want to look back and forth between 2 screens? Try out our Overwolf App, the Spawning Tool Build Advisor to get an in-game overlay with this build!

Complete Build Order

  12  0:00  SCV  
  13  0:14  SCV  
  14  0:18  Supply Depot  
  14  0:26  Refinery  
  14  0:27  SCV  
  15  0:43  Barracks  
  15  0:44  SCV  
  16  0:52  Refinery  
  16  0:57  SCV  
  17  1:09  SCV  
  18  1:21  SCV  
  19  1:31  Marine, Factory  
  20  1:35  Orbital Command  
  20  1:48  Supply Depot  
  20  1:51  Marine  
  21  2:02  SCV  
  22  2:10  Barracks Reactor  
  22  2:15  SCV, Factory Tech Lab  
  23  2:18  Starport  
  23  2:28  SCV  
  24  2:38  Siege Tank  
  27  2:45  SCV  
  27  2:48  Supply Depot  
  27  2:49  Marine x2  
  30  3:03  SCV  
  31  3:09  Marine x2  
  31  3:10  Viking  
  35  3:17  Siege Tank  
  35  3:19  Supply Depot  
  38  3:29  Marine  
  38  3:31  Marine  
  40  3:40  Viking  
  42  3:42  Supply Depot  
  42  3:47  Marine  
  43  3:53  Siege Tank  
  46  3:59  Marine  
  47  4:05  Marine  
  48  4:29  Starport Reactor  
  48  4:30  Marine x2  
  48  4:41  Command Center